AoeStats
← Bardamu_666

Hideout

503153091Analyzed
2v2 RM · 1mo ago on Aug 30, 2026· 91m 7s· 4 players
Game mode
Random Map
Map size
Medium (4 player)
Population
200
Speed
Normal
Resources
Standard
Victory
Conquest
Starting age
Dark Age
Ending age
Imperial Age
RankedLock teamsTeams togetherTeam positionsShared explorationLock speedFull tech treeHidden civsTurbo modeCheats
Victory
Defeat
🇺🇦 Romans · Ukraine
754
+15
🇺🇦 Goths · Ukraine
750
+15
🇪🇸 Franks · Spain
884
-22
🇪🇸 Byzantines · Spain
590
-9
Bardamu_666
11:42 Feudal Age
12:32 Horse Collar
12:39 Double-Bit Axe
20:19 Padded Archer Armor
20:25 Gold Mining
23:37 Castle Age
31:45 Scale Barding Armor
34:55 Heavy Plow
41:48 Imperial Age
41:01 Chain Barding Armor
40:43 Scale Mail Armor
50:04 Chain Mail Armor
50:00 Forging
51:10 Chemistry
54:52 Plate Mail Armor
54:57 Iron Casting
54:59 Plate Barding Armor
75:22 Bombard Tower
75:35 Caravan
82:13 Elite Cataphract
wisimax
7:37 Loom
8:13 Loom
10:16 Feudal Age
11:08 Town Watch
11:16 Double-Bit Axe
14:18 Wheelbarrow
24:14 Castle Age
26:56 Bow Saw
28:15 Gold Mining
28:57 Forging
28:52 Scale Barding Armor
28:45 Stone Mining
30:27 Hand Cart
30:43 #83
31:18 Town Patrol
32:29 Iron Casting
34:27 Scale Mail Armor
34:48 Chain Barding Armor
38:36 Light Cavalry
39:50 Ballistics
39:41 Masonry
40:26 Chain Mail Armor
41:35 Bow Saw
42:01 Caravan
45:21 Gold Shaft Mining
47:42 Imperial Age
47:35 Husbandry
47:55 Cavalier
49:44 Blast Furnace
49:14 Plate Mail Armor
49:33 Conscription
48:34 Elite Throwing Axeman
50:22 Paladin
51:56 Conscription
52:42 Chivalry
54:15 Plate Barding Armor
56:34 Chemistry
56:06 Architecture
55:35 Murder Holes
68:40 Siege Engineers
yustas_art1
3:45 Loom
12:24 Feudal Age
15:08 Forging
14:58 Double-Bit Axe
14:56 Horse Collar
15:03 Man-at-Arms
17:14 Town Watch
22:03 Wheelbarrow
25:56 Castle Age
24:09 Stone Mining
26:03 Gold Mining
27:10 Hand Cart
29:01 Bow Saw
29:03 Heavy Plow
34:12 Stone Shaft Mining
34:26 Iron Casting
33:53 Padded Archer Armor
34:02 Scale Mail Armor
34:40 Elite Skirmisher
36:01 Masonry
38:03 Fletching
39:21 Squires
38:42 Pikeman
39:42 Bodkin Arrow
40:03 Leather Archer Armor
41:47 Chain Mail Armor
47:00 Imperial Age
46:25 Ballistics
46:02 Murder Holes
48:53 Conscription
49:59 Elite Huskarl
53:35 Blast Furnace
52:36 Bracer
53:07 Ring Archer Armor
52:01 Halberdier
53:12 Onager
56:00 Husbandry
60:31 Perfusion
60:43 Scale Barding Armor
63:27 Chemistry
64:51 Two-Man Saw
68:18 Bloodlines
67:30 Light Cavalry
69:15 Hussar
71:08 Crop Rotation
74:41 Chain Barding Armor
erny_152
6:57 Loom
9:20 Feudal Age
10:24 Double-Bit Axe
11:15 Man-at-Arms
12:05 Horse Collar
12:32 Scale Mail Armor
13:43 Wheelbarrow
15:53 Gold Mining
21:15 Castle Age
20:14 Forging
22:27 Hand Cart
21:36 Pikeman
22:17 Squires
22:38 Chain Mail Armor
22:19 Stone Mining
22:52 Heavy Plow
24:38 Town Watch
25:50 Gold Shaft Mining
29:04 Iron Casting
28:48 Bow Saw
30:17 Town Patrol
34:21 Fervor
35:43 Ballistics
38:26 Imperial Age
38:02 Masonry
38:40 Murder Holes
39:34 Halberdier
41:18 Blast Furnace
39:46 Heavy Scorpion
40:50 Conscription
42:28 Fortified Wall
42:49 Architecture
44:41 Crop Rotation
45:00 Fletching
46:53 Ballistas
50:33 Siege Engineers
50:27 Bodkin Arrow
Connection lost

Rejoining the realm…

Still unreachable

The connection could not be restored.

Session expired

The server has moved on; the page needs a fresh start.